 Dungeon Crawl Stone Soup version 0.31-a0-176-g91f28db67f (webtiles) character file.

Game seed: 10360536302616565071

4803 qw the Skirmisher (level 10, -3/96 HPs)
             Began as a Naga Hunter on June 17, 2023.
             Slain by a two-headed ogre
             ... wielding a +0 giant club
              (11 damage)
             ... on level 8 of the Dungeon.
             The game lasted 00:03:09 (6441 turns).

qw the Skirmisher (Naga Hunter)                     Turns: 6441, Time: 00:03:10

Health: -3/96      AC: 11    Str: 14    XL:     10   Next: 48%
Magic:  10/10      EV: 11    Int:  9    God:
Gold:   116        SH:  5    Dex: 19    Spells: 9/9 levels left

rFire   . . .        l - +1 orcbow
rCold   . . .        (shield currently unavailable)
rNeg    . . .        c - +0 leather armour
rPois   +            h - +1 helmet
rElec   .            (no cloak)
rCorr   .            (no gloves)
SInv    +            (no barding)
Will    ++...        e - amulet of reflection
Stlth   ++           k - +4 ring of protection
HPRegen 0.36/turn    b - ring of willpower
MPRegen 0.12/turn

%: reflection
@: about to teleport, short of breath, very slow
A: AC +3, large, see invisible, deformed body, poison resistance, slowness 2,
spit poison 1, naga tail 1, stinger 1, MP-powered wands
a: Spit Poison


You were on level 8 of the Dungeon.
You visited 2 branches of the dungeon, and saw 9 of its levels.

You collected 534 gold pieces.
You spent 418 gold pieces at shops.


Innate Abilities, Weirdness & Mutations

Your serpentine skin is tough. (AC +3)
You have supernaturally acute eyesight. (SInv)
Armour fits poorly on your strangely shaped body.
Your system is resistant to poisons. (rPois)
You cover ground very slowly.
You can spit poison.
You have a snake-like lower body.
Your tail ends in a venomous barb.
You expend magic power (3 MP) to strengthen your wands.


   Skills:
 - Level 8.0 Fighting
 + Level 11.4 Ranged Weapons
 - Level 1.5 Armour
 - Level 4.3 Dodging
 - Level 1.5 Stealth


You had 9 spell levels left.
You didn't know any spells.
Your spell library was empty.

Inventory:

Hand Weapons
 l - a +1 orcbow (weapon)
Armour
 c - a +0 leather armour (worn)
 h - a +1 helmet (worn)
Jewellery
 b - a ring of willpower (right hand)
 e - an amulet of reflection (around neck)
 k - a +4 ring of protection (left hand)
 o - a ring of ice
Scrolls
 a - 4 scrolls of identify
 g - 4 scrolls of teleportation
Potions
 f - a potion of resistance
 i - 2 potions of mutation
 j - 2 potions of enlightenment
 m - 4 potions of curing
 p - a potion of haste

Dungeon Overview and Level Annotations

Branches:
Dungeon (8/15)             Temple (1/1) D:6            Lair (0/5) D:8

Altars:
Ashenzari
Cheibriados
Dithmenos
Elyvilon
Fedhas
Hepliaklqana
Kikubaaqudgha
Makhleb
Nemelex Xobeh
Qazlal
Ru
Sif Muna
Trog
Vehumet
Wu Jian
Xom
Yredelemnul
Zin
The Shining One

Shops:
D:5 ?   D:7 *!*

Annotations:
D:2 1 runed translucent door, Crazy Yiuf


Message History

Enter note:
Enter note:
Enter note:
6434 ||| INVOKING Spit Poison.
Aiming: Spit Poison (1% risk of failure)
Press: ? - help, Shift-Dir - straight line, f - two-headed ogre The splash of poison hits the two-headed ogre!
The two-headed ogre is poisoned.
The two-headed ogre is moderately wounded.
You shoot an arrow. The arrow hits the two-headed ogre!
The two-headed ogre is heavily wounded.
The two-headed ogre hits you with a +0 giant club!
The two-headed ogre hits you with a +0 giant spiked club!!
You shoot an arrow.
The arrow barely misses the two-headed ogre.
The two-headed ogre hits you with a +0 giant club!
The two-headed ogre hits you with a +0 giant spiked club!!
6437 ||| READING 5 scrolls of teleportation.
As you read the scroll of teleportation, it crumbles to dust.
You feel strangely unstable.
6438 ||| DRINKING potion of heal wounds.
You feel much better.
You have got your breath back.
The two-headed ogre hits you with a +0 giant club.
You block the two-headed ogre's attack.
6439 ||| INVOKING Spit Poison.
Aiming: Spit Poison (1% risk of failure)
Press: ? - help, Shift-Dir - straight line, f/p - two-headed ogre The splash of poison hits the two-headed ogre.
The two-headed ogre is severely wounded.
The two-headed ogre looks more healthy.
The two-headed ogre hits you with a +0 giant club!
The two-headed ogre hits you with a +0 giant spiked club!
You shoot an arrow. The arrow hits the two-headed ogre.
The two-headed ogre is severely wounded.
You shoot an arrow. The arrow hits the two-headed ogre!
The two-headed ogre is almost dead.
The two-headed ogre hits you but does no damage.
The two-headed ogre hits you with a +0 giant spiked club!
You die... ... 77.77 77P.P77 7P....7 7P .._.. #7.
P.b.P

#P.77POP7
#.P.77@77.P #
#~~P..P$.P~~#
#~~.P777..~~#
###
####......###
..### ##.######
#...#### ##.##
####...#####..#
####...#..##
###...##


You could see a two-headed ogre.

Vanquished Creatures
  Pikel (D:6)
  An elephant (D:8)
  Sigmund (D:3)
  3 yaks (D:7)
  A basilisk (D:8)
  4 wyverns
  3 black bears
  An ice beast (D:7)
  4 sky beasts
  2 centaurs
  A lemure (D:6)
  2 phantoms
  A kobold brigand (D:8)
  A gnoll sergeant (D:5)
  2 bullfrogs
  2 scorpions (D:6)
  6 wights
  A ballistomycete (D:5)
  3 howler monkeys
  3 hounds (D:4)
  2 jellies
  5 orc priests
  3 iguanas (D:5)
  7 orc wizards
  Robin (D:2)
  8 gnolls
  11 adders
  A white imp (D:7)
  A worm (D:3)
  5 dart slugs
  34 orcs
  9 ball pythons
  3 endoplasms
  7 giant cockroaches
  18 goblins
  12 hobgoblins
  4 jackals (D:2)
  12 kobolds
  6 quokkas
  3 bats
  3 frilled lizards
  7 rats
  A ballistomycete spore (D:5)
206 creatures vanquished.

Vanquished Creatures (others)
  2 bullfrogs (D:7)
  An orc priest (D:7)
  A gnoll (D:7)
  A ballistomycete spore (D:5)
5 creatures vanquished.

Grand Total: 211 creatures vanquished

Notes
Turn   | Place    | Note
-------+----------+-------------------------------------------
     0 | D:1      | qw the Naga Hunter began the quest for the Orb.
     0 | D:1      | Reached XP level 1. HP: 19/19 MP: 1/1
     0 | D:1      | 0 ||| qw: Version: 0.3-a-5-g6f28e65
     0 | D:1      | 0 ||| qw: Game counter: 446
     0 | D:1      | 0 ||| qw: Always use a shield: true
     0 | D:1      | 0 ||| qw: God list: Okawaru
     0 | D:1      | 0 ||| qw: Allow faded altars: false
     0 | D:1      | 0 ||| qw: Do Orc after D:15 true
     0 | D:1      | 0 ||| qw: Do second Lair branch before Depths: true
     0 | D:1      | 0 ||| qw: Lair rune preference: random
     0 | D:1      | 0 ||| qw: Plans: Normal
     0 | D:1      | 0 ||| PLANNING D:1-11
    21 | D:1      | 21 ||| INVOKING Spit Poison.
    51 | D:1      | 51 ||| INVOKING Spit Poison.
    56 | D:1      | 56 ||| INVOKING Spit Poison.
    69 | D:1      | 69 ||| INVOKING Spit Poison.
   112 | D:1      | Reached skill level 4 in Ranged Weapons
   112 | D:1      | Reached XP level 2. HP: 26/26 MP: 2/2
   132 | D:1      | 132 ||| INVOKING Spit Poison.
   139 | D:1      | 139 ||| INVOKING Spit Poison.
   148 | D:1      | 148 ||| INVOKING Spit Poison.
   160 | D:1      | 160 ||| INVOKING Spit Poison.
   177 | D:1      | 177 ||| INVOKING Spit Poison.
   202 | D:1      | 202 ||| INVOKING Spit Poison.
   238 | D:1      | 238 ||| INVOKING Spit Poison.
   243 | D:1      | 243 ||| INVOKING Spit Poison.
   314 | D:1      | 314 ||| INVOKING Spit Poison.
   347 | D:1      | 347 ||| INVOKING Spit Poison.
   354 | D:1      | 354 ||| INVOKING Spit Poison.
   358 | D:1      | 358 ||| INVOKING Spit Poison.
   360 | D:1      | Reached XP level 3. HP: 32/32 MP: 3/3
   487 | D:1      | 487 ||| INVOKING Spit Poison.
   598 | D:1      | 598 ||| UPGRADING to +4 ring of protection.
   599 | D:1      | 599 ||| READING 2 scrolls labelled MUUMPA GAIHAJ.
   600 | D:1      | 600 ||| READING scroll labelled QEFOSA WOITEB.
   601 | D:1      | 601 ||| READING scroll labelled POP USUUQAMULE.
   602 | D:1      | 602 ||| READING scroll labelled ZYV COAFFO.
   603 | D:1      | 603 ||| READING scroll labelled CIOSOCH WUPP.
   604 | D:1      | 604 ||| DROPPING scroll of butterflies.
   642 | D:2      | 642 ||| INVOKING Spit Poison.
   681 | D:2      | 681 ||| INVOKING Spit Poison.
   687 | D:2      | 687 ||| INVOKING Spit Poison.
   728 | D:2      | 728 ||| INVOKING Spit Poison.
   745 | D:2      | 745 ||| INVOKING Spit Poison.
   749 | D:2      | 749 ||| INVOKING Spit Poison.
   753 | D:2      | 753 ||| INVOKING Spit Poison.
   756 | D:2      | 756 ||| INVOKING Spit Poison.
   759 | D:2      | 759 ||| INVOKING Spit Poison.
   765 | D:2      | 765 ||| INVOKING Spit Poison.
   767 | D:2      | Reached skill level 5 in Ranged Weapons
   826 | D:2      | 826 ||| INVOKING Spit Poison.
   827 | D:2      | Reached XP level 4. HP: 39/39 MP: 4/4
   836 | D:2      | Found a runed translucent door.
   837 | D:2      | Noticed Crazy Yiuf
   888 | D:2      | 888 ||| INVOKING Spit Poison.
  1028 | D:2      | 1028 ||| INVOKING Spit Poison.
  1028 | D:2      | Noticed Robin
  1034 | D:2      | 1034 ||| INVOKING Spit Poison.
  1041 | D:2      | 1041 ||| INVOKING Spit Poison.
  1044 | D:2      | 1044 ||| INVOKING Spit Poison.
  1048 | D:2      | Killed Robin
  1290 | D:2      | 1290 ||| UPGRADING to +0 helmet.
  1295 | D:2      | 1295 ||| UPGRADING to ring of willpower.
  1296 | D:2      | 1296 ||| READING scroll labelled NACWEZ NAMOBRA.
  1297 | D:2      | 1297 ||| READING 2 scrolls labelled AGHONE LEWINT.
  1332 | D:2      | 1332 ||| DRINKING 2 lumpy cyan potions.
  1332 | D:2      | Gained mutation: Your tail ends in a venomous barb. [potion
                  | of mutation]
  1332 | D:2      | Gained mutation: You expend magic power (3 MP) to
                  | strengthen your wands. [potion of mutation]
  1347 | D:3      | 1347 ||| INVOKING Spit Poison.
  1350 | D:3      | 1350 ||| INVOKING Spit Poison.
  1412 | D:3      | 1412 ||| INVOKING Spit Poison.
  1422 | D:3      | 1422 ||| INVOKING Spit Poison.
  1427 | D:3      | Found a shimmering blue altar of Sif Muna.
  1430 | D:3      | 1430 ||| INVOKING Spit Poison.
  1431 | D:3      | 1431 ||| INVOKING Spit Poison.
  1436 | D:3      | 1436 ||| INVOKING Spit Poison.
  1439 | D:3      | Reached skill level 3 in Fighting
  1472 | D:3      | Found a bloodstained altar of Trog.
  1473 | D:3      | 1473 ||| INVOKING Spit Poison.
  1523 | D:3      | 1523 ||| INVOKING Spit Poison.
  1529 | D:3      | 1529 ||| INVOKING Spit Poison.
  1532 | D:3      | 1532 ||| INVOKING Spit Poison.
  1533 | D:3      | Reached XP level 5. HP: 36/49 MP: 5/5
  1605 | D:3      | 1605 ||| INVOKING Spit Poison.
  1617 | D:3      | Noticed Sigmund
  1620 | D:3      | 1620 ||| INVOKING Spit Poison.
  1623 | D:3      | 1623 ||| INVOKING Spit Poison.
  1625 | D:3      | Killed Sigmund
  1626 | D:3      | Reached skill level 6 in Ranged Weapons
  1626 | D:3      | Reached XP level 6. HP: 46/56 MP: 6/6
  1708 | D:3      | 1708 ||| INVOKING Spit Poison.
  1711 | D:3      | 1711 ||| INVOKING Spit Poison.
  1717 | D:3      | 1717 ||| INVOKING Spit Poison.
  1722 | D:3      | 1722 ||| INVOKING Spit Poison.
  1803 | D:3      | 1803 ||| INVOKING Spit Poison.
  1807 | D:3      | 1807 ||| INVOKING Spit Poison.
  1869 | D:3      | 1869 ||| UPGRADING to amulet of reflection.
  1874 | D:3      | 1874 ||| READING scroll labelled PAH KYUFEDAF.
  1875 | D:3      | 1875 ||| READING scroll labelled UWAUSE HITOKE.
  1876 | D:3      | 1876 ||| READING scroll labelled LUFYUT VUPPYO.
  1877 | D:3      | 1877 ||| DRINKING 3 red potions.
  1878 | D:3      | 1878 ||| DRINKING 2 bubbling inky potions.
  1879 | D:3      | 1879 ||| DRINKING 3 viscous black potions.
  1880 | D:3      | 1880 ||| DROPPING potion of brilliance.
  1921 | D:4      | 1921 ||| INVOKING Spit Poison.
  1926 | D:4      | 1926 ||| INVOKING Spit Poison.
  1963 | D:4      | Noticed a black bear
  1968 | D:4      | 1968 ||| INVOKING Spit Poison.
  1970 | D:4      | Killed a black bear
  1971 | D:4      | Reached XP level 7. HP: 66/66 MP: 7/7
  1988 | D:4      | 1988 ||| INVOKING Spit Poison.
  1997 | D:4      | 1997 ||| INVOKING Spit Poison.
  2008 | D:4      | 2008 ||| INVOKING Spit Poison.
  2042 | D:4      | 2042 ||| INVOKING Spit Poison.
  2087 | D:4      | 2087 ||| INVOKING Spit Poison.
  2094 | D:4      | 2094 ||| INVOKING Spit Poison.
  2099 | D:4      | Reached skill level 7 in Ranged Weapons
  2103 | D:4      | 2103 ||| INVOKING Spit Poison.
  2136 | D:4      | 2136 ||| INVOKING Spit Poison.
  2143 | D:4      | 2143 ||| INVOKING Spit Poison.
  2146 | D:4      | 2146 ||| INVOKING Spit Poison.
  2151 | D:4      | 2151 ||| INVOKING Spit Poison.
  2154 | D:4      | 2154 ||| INVOKING Spit Poison.
  2179 | D:4      | 2179 ||| INVOKING Spit Poison.
  2205 | D:4      | 2205 ||| INVOKING Spit Poison.
  2342 | D:4      | 2342 ||| DROPPING +6 ring of intelligence.
  2343 | D:4      | 2343 ||| READING 2 scrolls labelled CEUFIH BOREMNUPUN.
  2344 | D:4      | 2344 ||| READING scroll labelled ODAREN RYVVE.
  2345 | D:4      | 2345 ||| DROPPING scroll of vulnerability.
  2374 | D:5      | Entered Level 5 of the Dungeon
  2391 | D:5      | 2391 ||| INVOKING Spit Poison.
  2415 | D:5      | 2415 ||| INVOKING Spit Poison.
  2421 | D:5      | 2421 ||| INVOKING Spit Poison.
  2428 | D:5      | 2428 ||| INVOKING Spit Poison.
  2470 | D:5      | Found an ornate altar of the Wu Jian Council.
  2578 | D:5      | Found Onumat's Magic Scroll Shoppe.
  2594 | D:5      | 2594 ||| BUYING 3 scrolls of teleportation (108 gold).
  2594 | D:5      | Bought 3 scrolls of teleportation for 108 gold pieces
  2594 | D:5      | 2594 ||| BUYING scroll of identify (24 gold).
  2594 | D:5      | Bought a scroll of identify for 24 gold pieces
  2594 | D:5      | 2594 ||| BUYING scroll of identify (24 gold).
  2594 | D:5      | Bought a scroll of identify for 24 gold pieces
  2608 | D:5      | 2608 ||| INVOKING Spit Poison.
  2641 | D:5      | 2641 ||| INVOKING Spit Poison.
  2647 | D:5      | 2647 ||| INVOKING Spit Poison.
  2650 | D:5      | 2650 ||| INVOKING Spit Poison.
  2654 | D:5      | 2654 ||| INVOKING Spit Poison.
  2661 | D:5      | Reached XP level 8. HP: 36/73 MP: 8/8
  2661 | D:5      | 2661 ||| INVOKING Spit Poison.
  2663 | D:5      | Reached skill level 8 in Ranged Weapons
  2668 | D:5      | 2668 ||| INVOKING Spit Poison.
  2787 | D:5      | 2787 ||| FLEEEEING.
  2814 | D:5      | 2814 ||| INVOKING Spit Poison.
  2817 | D:5      | 2817 ||| Stepping ~*~*~tactically~*~*~ (outnumbered).
  2819 | D:5      | 2819 ||| INVOKING Spit Poison.
  2826 | D:5      | 2826 ||| INVOKING Spit Poison.
  2850 | D:5      | 2850 ||| INVOKING Spit Poison.
  3441 | D:5      | 3441 ||| READING 6 scrolls of identify.
  3441 | D:5      | 3441 ||| IDENTIFYING purple potion
  3442 | D:5      | 3442 ||| READING 5 scrolls of identify.
  3442 | D:5      | 3442 ||| IDENTIFYING smoky cyan potion
  3443 | D:5      | 3443 ||| DROPPING potion of attraction.
  3466 | D:6      | 3466 ||| INVOKING Spit Poison.
  3470 | D:6      | 3470 ||| INVOKING Spit Poison.
  3472 | D:6      | 3472 ||| STAIRDANCE
  3522 | D:6      | 3522 ||| INVOKING Spit Poison.
  3525 | D:6      | 3525 ||| INVOKING Spit Poison.
  3528 | D:6      | 3528 ||| INVOKING Spit Poison.
  3532 | D:6      | 3532 ||| INVOKING Spit Poison.
  3537 | D:6      | 3537 ||| INVOKING Spit Poison.
  3542 | D:6      | 3542 ||| INVOKING Spit Poison.
  3543 | D:6      | 3543 ||| STAIRDANCE
  3606 | D:6      | 3606 ||| INVOKING Spit Poison.
  3612 | D:6      | 3612 ||| INVOKING Spit Poison.
  3630 | D:6      | Found a blossoming altar of Fedhas.
  3635 | D:6      | 3635 ||| SWAPPING to +0 orcbow.
  3637 | D:6      | 3637 ||| DROPPING +1 shortbow of chaos.
  3665 | D:6      | 3665 ||| INVOKING Spit Poison.
  3711 | D:6      | 3711 ||| INVOKING Spit Poison.
  3846 | D:6      | 3846 ||| INVOKING Spit Poison.
  3848 | D:6      | Reached skill level 9 in Ranged Weapons
  3849 | D:6      | 3849 ||| INVOKING Spit Poison.
  3855 | D:6      | 3855 ||| INVOKING Spit Poison.
  3941 | D:6      | 3941 ||| INVOKING Spit Poison.
  3945 | D:6      | 3945 ||| INVOKING Spit Poison.
  3951 | D:6      | Reached skill level 1 in Armour
  4056 | D:6      | Reached skill level 6 in Fighting
  4056 | D:6      | Reached XP level 9. HP: 26/81 MP: 9/9
  4057 | D:6      | HP: 20/81 [wight/+4 dagger (6)]
  4058 | D:6      | 4058 ||| READING 7 scrolls of teleportation.
  4059 | D:6      | 4059 ||| DRINKING 3 potions of heal wounds.
  4225 | D:6      | Reached skill level 3 in Dodging
  4284 | D:6      | Found a staircase to the Ecumenical Temple.
  4285 | D:6      | 4285 ||| PLANNING TEMPLE
  4285 | D:6      | 4285 ||| DROPPING ring of wizardry.
  4286 | D:6      | 4286 ||| DRINKING 2 metallic blue potions.
  4287 | D:6      | 4287 ||| DRINKING 2 golden potions.
  4288 | D:6      | 4288 ||| DRINKING 4 potions of curing.
  4288 | D:6      | 4288 ||| (to cure confusion)
  4289 | D:6      | 4289 ||| READING 5 scrolls of identify.
  4289 | D:6      | 4289 ||| IDENTIFYING sedimented purple potion
  4290 | D:6      | 4290 ||| READING 4 scrolls of identify.
  4290 | D:6      | 4290 ||| IDENTIFYING coppery potion
  4291 | D:6      | 4291 ||| DROPPING potion of berserk rage.
  4292 | D:6      | 4292 ||| DROPPING potion of ambrosia.
  4304 | Temple   | Entered the Ecumenical Temple
  4345 | Temple   | 4345 ||| PLANNING D:1-11
  4627 | D:6      | 4627 ||| INVOKING Spit Poison.
  4627 | D:6      | Noticed Pikel
  4634 | D:6      | 4634 ||| INVOKING Spit Poison.
  4639 | D:6      | Killed Pikel
  4782 | D:7      | 4782 ||| INVOKING Spit Poison.
  4790 | D:7      | 4790 ||| READING scroll of enchant weapon.
  4790 | D:7      | 4790 ||| ENCHANTING +0 orcbow.
  4809 | D:7      | Found Ymit's Assorted Antiques.
  4812 | D:7      | 4812 ||| SHOPLISTING jewelled ring mail (216 gold, have
                  | 210).
  4812 | D:7      | 4812 ||| BUYING potion of enlightenment (120 gold).
  4812 | D:7      | Bought a potion of enlightenment for 120 gold pieces
  4812 | D:7      | 4812 ||| SHOPLISTING potion of mutation (192 gold, have
                  | 90).
  4812 | D:7      | 4812 ||| BUYING scroll of identify (48 gold).
  4812 | D:7      | Bought a scroll of identify for 48 gold pieces
  4812 | D:7      | 4812 ||| SHOPLISTING scroll of teleportation (72 gold, have
                  | 42).
  4828 | D:7      | 4828 ||| INVOKING Spit Poison.
  4834 | D:7      | 4834 ||| INVOKING Spit Poison.
  4840 | D:7      | 4840 ||| INVOKING Spit Poison.
  4853 | D:7      | Found a snail-covered altar of Cheibriados.
  4889 | D:7      | Found Sidgh's Distillery.
  4892 | D:7      | 4892 ||| INVOKING Spit Poison.
  4895 | D:7      | 4895 ||| INVOKING Spit Poison.
  4897 | D:7      | Reached skill level 10 in Ranged Weapons
  4902 | D:7      | 4902 ||| BUYING potion of curing (42 gold).
  4902 | D:7      | Bought a potion of curing for 42 gold pieces
  4902 | D:7      | 4902 ||| SHOPLISTING potion of curing (42 gold, have 19).
  4902 | D:7      | 4902 ||| SHOPLISTING potion of heal wounds (70 gold, have
                  | 19).
  4902 | D:7      | 4902 ||| SHOPLISTING potion of mutation (112 gold, have
                  | 19).
  4902 | D:7      | 4902 ||| SHOPLISTING potion of resistance (140 gold, have
                  | 19).
  4955 | D:7      | 4955 ||| INVOKING Spit Poison.
  4962 | D:7      | 4962 ||| INVOKING Spit Poison.
  4977 | D:7      | 4977 ||| INVOKING Spit Poison.
  5038 | D:7      | Found a basalt altar of Yredelemnul.
  5045 | D:7      | Found a shadowy altar of Dithmenos.
  5153 | D:7      | 5153 ||| INVOKING Spit Poison.
  5158 | D:7      | 5158 ||| INVOKING Spit Poison.
  5162 | D:7      | 5162 ||| INVOKING Spit Poison.
  5168 | D:7      | 5168 ||| INVOKING Spit Poison.
  5176 | D:7      | 5176 ||| INVOKING Spit Poison.
  5179 | D:7      | 5179 ||| INVOKING Spit Poison.
  5182 | D:7      | 5182 ||| FLEEEEING.
  5183 | D:7      | 5183 ||| FLEEEEING.
  5184 | D:7      | 5184 ||| FLEEEEING.
  5296 | D:7      | Found a shimmering altar of Xom.
  5311 | D:7      | Found a flagged portal.
  5327 | D:7      | 5327 ||| Stepping ~*~*~tactically~*~*~ (outnumbered).
  5329 | D:7      | 5329 ||| Stepping ~*~*~tactically~*~*~ (outnumbered).
  5330 | D:7      | 5330 ||| INVOKING Spit Poison.
  5333 | D:7      | 5333 ||| INVOKING Spit Poison.
  5339 | D:7      | 5339 ||| INVOKING Spit Poison.
  5343 | D:7      | 5343 ||| INVOKING Spit Poison.
  5348 | D:7      | 5348 ||| INVOKING Spit Poison.
  5384 | D:7      | Found Xeetask's Assorted Antiques.
  5402 | D:7      | 5402 ||| SHOPLISTING glowing helmet (195 gold, have 72).
  5402 | D:7      | 5402 ||| SHOPLISTING glowing robe (96 gold, have 72).
  5402 | D:7      | 5402 ||| SHOPLISTING opal ring (130 gold, have 72).
  5402 | D:7      | 5402 ||| SHOPLISTING scroll of brand weapon (247 gold, have
                  | 72).
  5402 | D:7      | 5402 ||| BUYING scroll of identify (52 gold).
  5402 | D:7      | Bought a scroll of identify for 52 gold pieces
  5413 | D:7      | 5413 ||| INVOKING Spit Poison.
  5415 | D:7      | Reached skill level 11 in Ranged Weapons
  5418 | D:7      | 5418 ||| INVOKING Spit Poison.
  5424 | D:7      | 5424 ||| INVOKING Spit Poison.
  5425 | D:7      | Reached XP level 10. HP: 94/94 MP: 10/10
  5727 | D:7      | 5727 ||| READING 6 scrolls of identify.
  5727 | D:7      | 5727 ||| IDENTIFYING smoky emerald potion
  5728 | D:7      | 5728 ||| READING 5 scrolls of identify.
  5728 | D:7      | 5728 ||| IDENTIFYING emerald potion
  5729 | D:7      | 5729 ||| READING 4 scrolls of identify.
  5729 | D:7      | 5729 ||| IDENTIFYING pink potion
  5730 | D:7      | 5730 ||| DROPPING potion of magic.
  5731 | D:7      | 5731 ||| DROPPING potion of degeneration.
  5776 | D:8      | 5776 ||| INVOKING Spit Poison.
  5780 | D:8      | 5780 ||| INVOKING Spit Poison.
  5783 | D:8      | 5783 ||| STAIRDANCE
  5815 | D:8      | 5815 ||| INVOKING Spit Poison.
  5821 | D:8      | 5821 ||| INVOKING Spit Poison.
  5827 | D:8      | 5827 ||| INVOKING Spit Poison.
  5828 | D:8      | 5828 ||| STAIRDANCE
  5831 | D:7      | 5831 ||| INVOKING Spit Poison.
  5836 | D:7      | 5836 ||| INVOKING Spit Poison.
  5836 | D:7      | HP: 20/94 [yak (6)]
  5837 | D:7      | 5837 ||| READING 6 scrolls of teleportation.
  5838 | D:7      | 5838 ||| DRINKING 2 potions of heal wounds.
  5842 | D:7      | 5842 ||| INVOKING Spit Poison.
  6029 | D:7      | 6029 ||| INVOKING Spit Poison.
  6034 | D:7      | 6034 ||| INVOKING Spit Poison.
  6037 | D:7      | 6037 ||| INVOKING Spit Poison.
  6045 | D:7      | 6045 ||| INVOKING Spit Poison.
  6050 | D:7      | 6050 ||| INVOKING Spit Poison.
  6151 | D:8      | 6151 ||| INVOKING Spit Poison.
  6217 | D:8      | 6217 ||| INVOKING Spit Poison.
  6220 | D:8      | 6220 ||| INVOKING Spit Poison.
  6223 | D:8      | 6223 ||| INVOKING Spit Poison.
  6229 | D:8      | Noticed an elephant
  6230 | D:8      | 6230 ||| INVOKING Spit Poison.
  6234 | D:8      | 6234 ||| INVOKING Spit Poison.
  6240 | D:8      | 6240 ||| INVOKING Spit Poison.
  6245 | D:8      | 6245 ||| INVOKING Spit Poison.
  6246 | D:8      | Killed an elephant
  6251 | D:8      | 6251 ||| DRINKING potion of cancellation.
  6252 | D:8      | 6252 ||| INVOKING Spit Poison.
  6258 | D:8      | 6258 ||| INVOKING Spit Poison.
  6265 | D:8      | 6265 ||| INVOKING Spit Poison.
  6269 | D:8      | 6269 ||| Stepping ~*~*~tactically~*~*~ (outnumbered).
  6386 | D:8      | Found a staircase to the Lair.
  6388 | D:8      | 6388 ||| READING scroll of enchant armour.
  6388 | D:8      | 6388 ||| ENCHANTING +0 helmet.
  6432 | D:8      | Found a white marble altar of Elyvilon.
  6433 | D:8      | Noticed a two-headed ogre
  6434 | D:8      | 6434 ||| INVOKING Spit Poison.
  6436 | D:8      | HP: 11/96 [two-headed ogre/+0 giant club (19)]
  6437 | D:8      | 6437 ||| READING 5 scrolls of teleportation.
  6438 | D:8      | 6438 ||| DRINKING potion of heal wounds.
  6439 | D:8      | 6439 ||| INVOKING Spit Poison.
  6441 | D:8      | Slain by a two-headed ogre

Levels and vault maps discovered:
D:1:      tekkud_arrival_beachfront_property, layout_loops_ring,
          serial_bayou_lagoon_a
D:2:      layout_rooms, kennysheep_generic_room_2, uniq_robin,
          uniq_crazy_yiuf_cottage
D:3:      minmay_wonky_spiral, layout_rooms, lemuel_crystal_altar,
          trog_butcher_becter, serial_bayou_ford_a, uniq_sigmund
D:4:      cheibrodos_greedy_goblins, layout_cave_pools, serial_park,
          serial_park_square3 [serial_park_minivault_5x5_8],
          serial_park_tiny_pond, serial_park_avenue1
D:5:      layout_basic, nzn_wu_jian_council_hall, serial_rivers,
          chequers_serial_rivers_room_a, chequers_serial_rivers_large_b,
          chequers_serial_rivers_micro_b, chequers_serial_rivers_marsh,
          chequers_serial_rivers_micro_a, chequers_serial_rivers_marsh,
          serial_shops, nicolae_shop_waterfront
D:6:      layout_layer_cave, fedhas_bush_and_centaur_altar,
          minmay_temple_entry_statues, uniq_pikel
D:7:      layout_gridville, xom_confusion_cloud,
          amethyst_overflow_temple_binary, kennysheep_slug_shrine, serial_shops,
          shop, nicolae_shop_tiny_real_fake_doors, nicolae_shop_stone,
          enter_bailey_2
D:8:      layout_cave_pods, mainiacjoe_overflow_six_doors_small,
          nicolae_elyvilon_peaceful_grove, david_lair_generic,
          nrook_pool_corridor
Temple:   nicolae_temple_ecumenical_triangle

Skill      XL: |  1  2  3  4  5  6  7  8  9 10 |
---------------+-------------------------------+-----
Ranged Weapons | 4 5 6 7 9 11 | 11.4
Fighting       | 3 4 6 7 8 |  8.0
Dodging        | 2 3 4 |  4.3
Armour         | 1 |  1.5
Stealth        | |  1.5

Action                     |  1- 3 |  4- 6 |  7- 9 | 10-12 || total
---------------------------+-------+-------+-------+-------++-------
   Fire: Shortbow          |    58 |    84 |   172 |       ||   314
         Orcbow            |       |       |   158 |   100 ||   258
Ability: Spit Poison       |    28 |    26 |    71 |    26 ||   151
    Use: Scroll            |     5 |     5 |     8 |     6 ||    24
         Potion            |       |     4 |     4 |     3 ||    11
 Armour: Leather armour    |    12 |    29 |    56 |    53 ||   150
  Dodge: Dodged            |    21 |    27 |    72 |    51 ||   171
  Block: Other             |       |       |    32 |    24 ||    56
         Reflection        |       |       |     2 |       ||     2

Table legend:
 A = Non-vault XP
 B = Vault XP
 C = Vault XP percentage of total XP
 D = Non-vault monster count
 E = Vault monster count
 F = Vault count percentage of total count
                 A         B        C        D         E       F
            +---------+---------+-------+---------+---------+-------
      Total |    4081 |    2781 |  40.5 |     160 |      45 |  22.0
            +---------+---------+-------+---------+---------+-------
        D:1 |      36 |       0 |   0.0 |      22 |       0 |   0.0
        D:2 |      36 |      42 |  53.8 |      17 |      11 |  39.3
        D:3 |     104 |     263 |  71.7 |      20 |       8 |  28.6
        D:4 |     341 |      74 |  17.8 |      15 |      12 |  44.4
        D:5 |     637 |       0 |   0.0 |      25 |       0 |   0.0
        D:6 |     878 |     719 |  45.0 |      19 |       2 |   9.5
        D:7 |    1506 |     660 |  30.5 |      28 |       8 |  22.2
        D:8 |     543 |    1023 |  65.3 |      14 |       4 |  22.2
            +---------+---------+-------+---------+---------+-------
